 Dungeon Crawl Stone Soup version 0.23.0 (webtiles) character file.

Game seed: 8669806516183862531

102 Dantiko the Gusty (level 4, 0/26 HPs)
             Began as a Tengu Air Elementalist on Feb 10, 2019.
             Slain by an orc priest
             ... wielding a +0 club
              (2 damage)
             ... on level 3 of the Dungeon.
             The game lasted 00:06:13 (2308 turns).

Dantiko the Gusty (Tengu Air Elementalist)          Turns: 2308, Time: 00:06:14

Health: 0/26       AC:  3    Str:  9    XL:     4   Next: 78%
Magic:  0/8        EV: 12    Int: 16    God:
Gold:   96         SH:  0    Dex: 14    Spells: 4/7 levels left

rFire    . . .     SeeInvis .   b - +0 short sword
rCold    . . .     Gourm    .   (no shield)
rNeg     . . .     Faith    .   a - +0 robe
rPois    .         Spirit   .   (helmet restricted)
rElec    .         Reflect  .   (no cloak)
rCorr    .         Harm     .   g - +0 pair of gloves
MR       .....                  (boots unavailable)
Stlth    ++........             (no amulet)
HPRegen  0.08/turn              (no ring)
MPRegen  0.11/turn              (no ring)

@: very slightly contaminated
A: beak, talons 3
a: no special abilities


You were on level 3 of the Dungeon.
You were not hungry.

You visited 1 branch of the dungeon, and saw 3 of its levels.

You collected 96 gold pieces.

Inventory:

Hand Weapons
 b - a +0 short sword (weapon)
Armour
 a - a +0 robe (worn)
 g - a +0 pair of gloves (worn)
Scrolls
 e - 2 scrolls of enchant weapon {unknown}
 f - 2 scrolls of blinking {unknown}
 h - 4 scrolls of identify {unknown}
 j - a scroll of teleportation {unknown}
 k - a scroll of fog {unknown}
 n - a scroll of amnesia {unknown}
 p - a scroll of remove curse {unknown}
Potions
 d - a potion of brilliance {unknown}
 i - a potion of cancellation {unknown}
 l - a potion of degeneration {unknown}
 m - a potion of berserk rage {unknown}
 q - a potion of resistance {unknown}
Comestibles
 c - 2 rations
 o - 3 chunks of flesh


   Skills:
 - Level 2.0 Fighting
 - Level 2.1 Dodging
 - Level 2.0 Stealth
 - Level 2.0 Spellcasting
 + Level 4.5 Conjurations
 + Level 4.5 Air Magic


You had 4 spell levels left.
You knew the following spells:

 Your Spells              Type           Power        Failure   Level  Hunger
a - Shock                 Conj/Air       ###.         3%          1    #......
b - Swiftness             Chrm/Air       #.......     12%         2    ###....

Your spell library contained the following spells:

 Spells                   Type           Power        Failure   Level  Hunger
 Static Discharge         Conj/Air       ###.....     10%         3    ###....
 Airstrike                Air            ###.......   30%         4    #####..
 Lightning Bolt           Conj/Air       ###.......   65%         5    ######.


Dungeon Overview and Level Annotations

Branches:
Dungeon (3/15)

Altars:
Ashenzari
Nemelex Xobeh


Innate Abilities, Weirdness & Mutations

You have a beak for a mouth.
You have claws for feet.


Message History

You barely miss the orc priest.
You peck the orc priest, but do no damage.
The orc priest is almost dead.
The orc priest hits you with a +0 club.
You barely miss the orc priest.
The orc priest is almost dead.
The orc priest hits you with a +0 club.
You hit the orc priest but do no damage.
You peck the orc priest, but do no damage.
The orc priest is almost dead.
The orc priest hits you with a +0 club.
* * * LOW HITPOINT WARNING * * *
Casting: Shock (safe; 3% risk of failure)
Confirm with . or Enter, or press ? or * to list all spells.
Aiming: Shock (safe; 3% risk of failure)
Press: ? - help, Shift-Dir - straight line, f/p - orc priest
Aim: an orc priest, wielding a +0 club and wearing a +0 ring mail (almost dead)
You miscast Shock.
You feel a strange surge of energy! The orc priest hits you with a +0 club.
You die...

#####
##...##
##†....##
#†.....@#
#........o.#
#.##.....).#
.. ##.....##
# #....[#
#.....#
....†...
.......##


You could see an orc priest.

Vanquished Creatures
  An adder (D:3)
  3 gnolls (D:2)
  A worm (D:2)
  3 dart slugs (D:1)
  3 orcs
  3 giant cockroaches (D:1)
  7 goblins
  4 hobgoblins
  A quokka (D:2)
  A ball python (D:3)
  3 bats (D:2)
  4 frilled lizards
  11 kobolds
  A leopard gecko skeleton (D:2)
  10 rats
56 creatures vanquished.

Notes
Turn   | Place    | Note
-------+----------+-------------------------------------------
     0 | D:1      | Dantiko the Tengu Air Elementalist began the quest for the
                  | Orb.
     0 | D:1      | Reached XP level 1. HP: 10/10 MP: 4/4
   424 | D:1      | Reached XP level 2. HP: 15/15 MP: 1/6
   428 | D:1      | Learned a level 2 spell: Swiftness
   812 | D:1      | Found a shattered altar of Ashenzari.
   827 | D:1      | Reached XP level 3. HP: 19/19 MP: 4/7
  1276 | D:2      | Found a sparkling altar of Nemelex Xobeh.
  1392 | D:2      | Reached skill level 1 in Fighting
  1750 | D:2      | Reached XP level 4. HP: 26/26 MP: 1/8
  2308 | D:3      | Slain by an orc priest

Skill      XL: |  1  2  3 |
---------------+----------+-----
Conjurations   | 2 3 4 |  4.5
Fighting       | 2 |  2.0
Dodging        | |  2.1
Stealth        | |  2.0
Spellcasting   | |  2.0
Air Magic      | |  4.5

Action                   |  1- 3 |  4- 6 || total
-------------------------+-------+-------++-------
Melee: Short sword       |    11 |    11 ||    22
       Peck              |     3 |     2 ||     5
       Kick              |     1 |     1 ||     2
 Cast: Shock             |    74 |    36 ||   110
  Eat: Chunk             |     2 |     4 ||     6
Armor: Robe              |     2 |     3 ||     5
Dodge: Dodged            |    17 |    12 ||    29
